 Dungeon Crawl Stone Soup version 0.28-a0-1406-ga8dd43b1d0 (webtiles) character file.

Game seed: 15279110559617759541

4006 Grim the Bludgeoner (level 10, -8/88 HPs)
             Began as a Minotaur Berserker on Jan 5, 2022.
             Was an Elder of Trog.
             Mangled by a two-headed ogre (21 damage)
             ... on level 7 of the Dungeon on Jan 6, 2022.
             The game lasted 00:10:05 (7147 turns).

Grim the Bludgeoner (Minotaur Berserker)            Turns: 7147, Time: 00:10:05

Health: -8/88      AC: 13    Str: 23    XL:     10   Next: 3%
Magic:  9/9        EV:  7    Int: 14    God:    Trog [****..]
Gold:   251        SH:  5    Dex:  9    Spells: 9/9 levels left

rFire   . . .      SeeInvis .   d - +6 great mace
rCold   . . .      Faith    .   (shield currently unavailable)
rNeg    . . .      Spirit   .   j - +0 plate armour
rPois   .          Reflect  +   (helmet restricted)
rElec   .          Harm     .   w - +0 cloak
rCorr   .          Rampage  .   (no gloves)
Will    .....                   q - +0 pair of boots
Stlth   ..........              A - amulet of reflection
HPRegen 0.24/turn               x - +6 ring of intelligence
MPRegen 0.11/turn               (no ring)

@: on berserk cooldown, slowed, very slow
A: horns 2, retaliatory headbutt
a: Renounce Religion, Berserk, Trog's Hand, Brothers in Arms


You were on level 7 of the Dungeon.
You worshipped Trog.
Trog was greatly pleased with you.
You visited 1 branch of the dungeon, and saw 7 of its levels.

You collected 371 gold pieces.
You spent 120 gold pieces at shops.

Inventory:

Hand Weapons
 a - a +0 mace
 d - a +6 great mace (weapon)
 i - a +0 flail
 p - the +9 hunting sling of Indomitability {vorpal, SInv}
   (You took it off a gnoll on level 5 of the Dungeon)

   Any ammunition fired from it inflicts extra damage upon your enemies.
   SInv:      It lets you see invisible.
Missiles
 t - 6 curare-tipped darts (quivered)
 y - 3 poisoned darts
 z - 3 javelins
 G - 2 throwing nets
Armour
 b - a +0 animal skin
 j - a +0 plate armour (worn)
 q - a +0 pair of boots (worn)
 w - a +0 cloak (worn)
Jewellery
 x - a +6 ring of intelligence (left hand)
 A - an amulet of reflection (around neck)
 I - a ring of willpower
Wands
 u - a wand of polymorph (12)
 v - a wand of flame (14)
Scrolls
 k - a scroll of enchant armour {unknown}
 m - a scroll of amnesia {unknown}
 n - 2 scrolls of teleportation {unknown}
 o - a scroll of fog {unknown}
 r - 2 scrolls of silence {unknown}
 C - a scroll of fear {unknown}
 D - a scroll of magic mapping {unknown}
 E - 3 scrolls of identify
 F - a scroll of noise {unknown}
Potions
 c - 3 potions of curing
 e - a potion of invisibility {unknown}
 f - 3 potions of mutation {!q}
 g - 4 potions of flight
 h - a potion of brilliance {unknown}
 l - a potion of degeneration {unknown}
 s - a potion of might
 B - a potion of resistance {unknown}
 H - a potion of heal wounds {unknown}


   Skills:
 * Level 8.0 Fighting
 + Level 15.8 Maces & Flails
 - Level 2.4 Armour
 - Level 2.1 Dodging


You had 9 spell levels left.
You didn't know any spells.
Your spell library was empty.

Dungeon Overview and Level Annotations

Branches:
Dungeon (7/15)             Temple (0/1) D:7

Altars:
Vehumet

Shops:
D:3 (   D:6 !:*


Innate Abilities, Weirdness & Mutations

You have a pair of horns on your head.
You reflexively headbutt those who attack you in melee.


Message History

The gnoll hits you but does no damage.
You sock the gnoll! You headbutt the gnoll.
You kill the gnoll!
Trog accepts your kill.
Found a stone staircase leading up.
You are no longer berserk.
You are exhausted.
You feel yourself slow down.
Items here: )) [ †.
Items here: )) ††.
The gnoll closely misses you. You furiously retaliate!
You headbutt the gnoll! You block the two-headed ogre's attack.
The two-headed ogre hits you with a +0 giant spiked club!!
The gnoll hits you with a +0 flail. The gnoll misses you.
You block the gnoll's attack.
The two-headed ogre hits you with a +0 giant club!
* * * LOW HITPOINT WARNING * * *
The two-headed ogre hits you with a +0 giant spiked club!
* * * LOW HITPOINT WARNING * * *
You thump the two-headed ogre! You headbutt the two-headed ogre!
The two-headed ogre is moderately wounded.
The gnoll hits you but does no damage. The two-headed ogre closely misses you.
You furiously retaliate!
You headbutt the two-headed ogre.
The two-headed ogre hits you with a +0 giant spiked club.
* * * LOW HITPOINT WARNING * * *
The gnoll barely misses you. You furiously retaliate!
You headbutt the gnoll!
You kill the gnoll!
Trog accepts your kill.
Your Fighting skill increases to level 8!
You sock the two-headed ogre!
The two-headed ogre is heavily wounded.
The two-headed ogre hits you with a +0 giant club!!
* * * LOW HITPOINT WARNING * * *
The two-headed ogre hits you with a +0 giant spiked club!
* * * LOW HITPOINT WARNING * * *
You hit the two-headed ogre. You headbutt the two-headed ogre!
The two-headed ogre is almost dead.
The two-headed ogre hits you with a +0 giant club!!
You die...

.................##
##.....))...
.................##
#...######..
.................###..## ##.
.................(...## #.
...######.........# #. ##
##.......## ## ##......# #
#......# # ..# #@.....## #
...### ##)O.....### #
......#####..........### ##
.......................#####.
.............###.............
...........### #...........##
........)..# ##.........##
........))## #.....)..##
.....(....# #.........# #


You could see a two-headed ogre.

Vanquished Creatures
  Harold (D:7)
  Prince Ribbit (D:5)
  Sigmund (D:2)
  The ghost of bgiannan the Skirmisher, an amateur HOFi (D:4)
  Menkaure (D:6)
  2 orc warriors
  A hornet zombie (D:7)
  2 black bears
  Duvessa (D:5)
  The ghost of hudiniq the Covered, an amateur MiFi of Yredelemnul (D:3)
  5 ogres
  A centaur (D:6)
  2 phantoms
  A scorpion (D:5)
  Dowan (D:5)
  2 water moccasin zombies
  A water moccasin skeleton (D:7)
  9 wights
  A centaur zombie (D:5)
  A hound (D:6)
  3 jellies
  Crazy Yiuf (D:5)
  An orc priest (D:5)
  3 gnoll shamans
  5 iguanas
  3 orc wizards
  A hound zombie (D:5)
  A hound skeleton (D:5)
  Robin (D:4)
  4 adders
  15 gnolls
  A howler monkey skeleton (D:6)
  2 ufetubi
  3 worms
  2 dart slugs
  14 orcs
  6 ball pythons
  5 bats
  6 endoplasms
  6 giant cockroaches
  10 goblins
  9 hobgoblins
  3 kobolds (D:1)
  3 quokkas
  3 frilled lizards
  8 rats
155 creatures vanquished.

Vanquished Creatures (others)
  2 fungi (D:5)
  3 plants (D:7)
5 creatures vanquished.

Grand Total: 160 creatures vanquished

Notes
Turn   | Place    | Note
-------+----------+-------------------------------------------
     0 | D:1      | Grim the Minotaur Berserker began the quest for the Orb.
     0 | D:1      | Reached XP level 1. HP: 19/19 MP: 0/0
   169 | D:1      | Reached skill level 4 in Maces & Flails
   455 | D:1      | Reached XP level 2. HP: 25/26 MP: 1/1
   466 | D:1      | Found a faded altar of an unknown god.
   830 | D:1      | Reached skill level 5 in Maces & Flails
   881 | D:1      | Reached XP level 3. HP: 31/31 MP: 2/2
   894 | D:1      | Reached ** piety under Trog
  1543 | D:2      | Noticed Sigmund
  1552 | D:2      | Killed Sigmund
  1553 | D:2      | Reached skill level 7 in Maces & Flails
  1553 | D:2      | Reached XP level 4. HP: 39/39 MP: 3/3
  1553 | D:2      | Reached XP level 5. HP: 45/45 MP: 4/4
  1691 | D:2      | Reached skill level 8 in Maces & Flails
  1912 | D:3      | Noticed a black bear
  1916 | D:3      | Killed a black bear
  1917 | D:3      | Reached XP level 6. HP: 51/51 MP: 5/5
  1956 | D:3      | Found Menukh's Weapon Emporium.
  2370 | D:3      | Found a transporter.
  2371 | D:3      | Found a transporter.
  2371 | D:3      | Noticed hudiniq's ghost (amateur MiFi)
  2394 | D:3      | Killed hudiniq's ghost
  2395 | D:3      | Reached skill level 9 in Maces & Flails
  2399 | D:3      | Reached XP level 7. HP: 29/57 MP: 6/6
  2400 | D:3      | Reached skill level 10 in Maces & Flails
  2922 | D:4      | Noticed Robin
  2933 | D:4      | Killed Robin
  2945 | D:4      | Found a runed translucent door.
  3136 | D:4      | Noticed bgiannan's ghost (amateur HOFi)
  3151 | D:4      | Killed bgiannan's ghost
  3152 | D:4      | Reached skill level 11 in Maces & Flails
  3195 | D:4      | Found a runed translucent door.
  3438 | D:4      | Reached XP level 8. HP: 53/64 MP: 7/7
  3900 | D:5      | Entered Level 5 of the Dungeon
  3918 | D:5      | Identified the +9 hunting sling of Indomitability {vorpal,
                  | SInv}
  3923 | D:5      | Reached skill level 12 in Maces & Flails
  4190 | D:5      | Noticed Duvessa
  4191 | D:5      | Noticed Dowan
  4194 | D:5      | Killed Duvessa
  4197 | D:5      | Killed Dowan
  4311 | D:5      | Reached *** piety under Trog
  4343 | D:5      | Reached skill level 13 in Maces & Flails
  4727 | D:5      | Noticed Prince Ribbit
  4734 | D:5      | Killed Prince Ribbit
  4779 | D:5      | Reached skill level 14 in Maces & Flails
  5063 | D:5      | Found a runed translucent door.
  5064 | D:5      | Noticed Crazy Yiuf
  5068 | D:5      | Killed Crazy Yiuf
  5131 | D:6      | Reached XP level 9. HP: 64/70 MP: 8/8
  5174 | D:6      | Found a radiant altar of Vehumet.
  5564 | D:6      | Found Cestiuw's Book Emporium.
  5567 | D:6      | Found Uzahu's Distillery.
  5672 | D:6      | Noticed Menkaure
  5675 | D:6      | Killed Menkaure
  5676 | D:6      | Reached skill level 15 in Maces & Flails
  5739 | D:6      | Found Cemibom's Assorted Antiques.
  5883 | D:6      | Bought a dented jasper amulet for 120 gold pieces
  6006 | D:6      | Reached skill level 5 in Fighting
  6466 | D:7      | Reached **** piety under Trog
  6562 | D:7      | Found a staircase to the Ecumenical Temple.
  6648 | D:7      | Noticed Harold
  6658 | D:7      | Killed Harold
  6659 | D:7      | Reached XP level 10. HP: 80/88 MP: 9/9
  7132 | D:7      | Noticed a two-headed ogre
  7147 | D:7      | Mangled by a two-headed ogre

Illustrated notes

Levels and vault maps discovered:
D:1:      eino_arrival_water_cross, layout_loops_corners,
          chequers_ecumenical_altar_simple, serial_aquarium,
          aquarium_bridge_square [aquarium_subvault_window,
          aquarium_subvault_balcony, aquarium_subvault_bridge,
          aquarium_subvault_bridge], aquarium_window_2, aquarium_window_1,
          aquarium_window_fake, aquarium_view_2b, moated_statue,
          minmay_heptomino_d4
D:2:      layout_basic, uniq_sigmund
D:3:      layout_loops_ring, gammafunk_ghost_smash, serial_shops,
          nicolae_diamond_shop
D:4:      layout_loops_corners, ebering_ghost_sewer_f, serial_bayou_crossing,
          uniq_robin
D:5:      layout_loops_cross, gup_sewer_entry_spiral, grunt_decor_mini_mirrors,
          guppyfry_early_orc_mine, uniq_crazy_yiuf_cottage, uniq_duvessa,
          uniq_prince_ribbit1
D:6:      layout_cave_pools, mainiacjoe_overflow_cross_hatched, serial_shops,
          shop, nicolae_shop_hallway_stairs, nicolae_shop_behind_doors,
          grunt_ministairs_12, uniq_menkaure
D:7:      layout_layer_cave, minmay_temple_entry_overgrown, uniq_harold

Skill      XL: |  1  2  3  4  5  6  7  8  9 10 |
---------------+-------------------------------+-----
Maces & Flails | 4 5 7 8 9 11 14 15 | 15.8
Fighting       | 7 8 |  8.0
Armour         | |  2.4
Dodging        | |  2.1

Action                   |  1- 3 |  4- 6 |  7- 9 | 10-12 || total
-------------------------+-------+-------+-------+-------++-------
Melee: Mace              |    59 |    20 |       |       ||    79
       Headbutt          |     6 |    10 |    28 |     4 ||    48
       Flail             |       |    40 |     1 |       ||    41
       Great mace        |       |       |   206 |    11 ||   217
Invok: Berserk           |     1 |     2 |    11 |     1 ||    15
       Trog's Hand       |     1 |     1 |       |       ||     2
  Use: Scroll            |       |     2 |     2 |       ||     4
       Potion            |       |     1 |       |       ||     1
 Stab: Held in net/web   |       |       |     2 |       ||     2
Armor: Animal skin       |    14 |     3 |       |       ||    17
       Plate armour      |       |    17 |   110 |     3 ||   130
Dodge: Dodged            |    35 |    25 |    70 |     4 ||   134
Block: Other             |       |       |     8 |     2 ||    10
       Reflection        |       |       |     1 |       ||     1

Table legend: (Time is in decaauts)
 A = Elapsed time spent in this place.
 B = Non-inter-level travel time spent in this place.
 C = Inter-level travel time spent in this place.
 D = Time resting spent in this place.
 E = Time spent auto-exploring this place.
 F = Levels seen in this place.
 G = Mean time per level.
                   A        B        C        D        E       F      G
               +--------+--------+--------+--------+--------+-----+--------+
         Total |   7324 |   7216 |    108 |   1893 |   4134 |   7 | 1046.3 |
       Dungeon |   7324 |   7216 |    108 |   1893 |   4134 |   7 | 1046.3 |
               +--------+--------+--------+--------+--------+-----+--------+

Top non-repeatable levels by time:
     D:5: 1274 daAuts
     D:4: 1271 daAuts
     D:6: 1253 daAuts
     D:1: 1218 daAuts
     D:7: 825 daAuts
     D:3: 788 daAuts
     D:2: 693 daAuts
